[Event "Titled Tuesday Blitz June 22 2021"]
[White "Bortnyk, Olexandr"]
[Black "Gabrielian, Artur"]
[WhiteFideId "14120828"]
[BlackFideId "4131002"]
[WhiteElo "2723"]
[BlackElo "2539"]
[Result "0-1"]
[Round "04"]
[TimeControl "180+1"]
[Date "2021.06.22"]
[WhiteClock "0:00:02"]
[BlackClock "0:00:18"]

1. d4 Nf6 2. Bf4 g6 3. e3 Bg7 4. h4 c5 5. c3 O-O 6. Nd2 cxd4 7. cxd4 d6 8. h5 Nxh5 9. Rxh5 gxh5 10. Qxh5 Nd7 11. Bd3 Nf6 12. Qh2 Qa5 13. Nf3 Bf5 14. b4 Qd5 15. Bc4 Qc6 16. Nh4 Bg6 17. Nxg6 hxg6 18. Ke2 b5 19. Bb3 Rfc8 20. Rh1 a5 21. bxa5 Rxa5 22. Qg3 Kf8 23. Bh6 b4 24. Bxg7+ Kxg7 25. f3 Qa6+ 26. Kf2 Rxa2 27. Qg5 Rxd2+ 28. Kg3 Rh8 29. Rxh8 Kxh8 30. Qh6+ Nh7 31. Bxf7 Qf1 32. Qh3 Kg7 33. Bb3 Qf2+ 34. Kf4 g5+ 35. Kf5 Qxe3 36. Qh5 Qf4+ 37. Ke6 Qf6+ 38. Kd7 Rxd4 39. Qe8 Nf8+ 40. Kc7 Rd3 41. Ba2 Rc3+ 42. Kb7 b3 43. Bb1 b2 44. Qb5 Qe5 45. Qe8 Rb3+ 46. Kc8 Qc5+ 47. Kd8 Rb8+ 0-1


[Site "https://www.chess.com"]

[Event "Titled Tuesday Blitz June 22 2021"]
[White "Dang, Hoang Son"]
[Black "Muradli, Mahammad"]
[WhiteFideId "12402435"]
[BlackFideId "13409301"]
[WhiteElo "2248"]
[BlackElo "2482"]
[Result "1-0"]
[Round "04"]
[TimeControl "180+1"]
[Date "2021.06.22"]
[WhiteClock "0:00:21"]
[BlackClock "0:00:01"]

1. d4 d6 2. Nf3 g6 3. g3 Bg7 4. Bg2 Nd7 5. O-O e5 6. c4 Ne7 7. Nc3 O-O 8. dxe5 dxe5 9. e4 c5 10. Qd6 Nc6 11. Nd5 Nd4 12. Nxd4 exd4 13. f4 Re8 14. e5 Re6 15. Qc7 Qf8 16. Bd2 Rb8 17. f5 Rc6 18. Qa5 Bxe5 19. Bg5 Ra6 20. Qd2 d3 21. Rae1 Bd4+ 22. Kh1 Ne5 23. Be7 Qg7 24. f6 Qh8 25. Qh6 Be6 26. Bxc5 Bxd5 27. Bxd4 Bxg2+ 28. Kxg2 Ng4 29. Qf4 h5 30. Qxb8+ Kh7 31. Qxh8+ Kxh8 32. h3 Nh6 33. Re8+ Kh7 34. g4 h4 35. Rd1 Rd6 36. Rxd3 b6 37. b4 Rd7 38. c5 bxc5 39. bxc5 g5 40. Re7 Rd5 41. c6 Rd6 42. c7 Rc6 43. Rc3 Rd6 44. c8=Q Rxd4 45. Qf8 Rd2+ 46. Kf3 Nf5 47. gxf5 1-0


[Site "https://www.chess.com"]

[Event "Titled Tuesday Blitz June 22 2021"]
[White "Dobrov, Vladimir"]
[Black "Sarana, Alexey"]
[WhiteFideId "4136594"]
[BlackFideId "24133795"]
[WhiteElo "2614"]
[BlackElo "2629"]
[Result "0-1"]
[Round "04"]
[TimeControl "180+1"]
[Date "2021.06.22"]
[WhiteClock "0:00:14"]
[BlackClock "0:00:50"]

1. Nf3 d5 2. e3 Nf6 3. c4 e6 4. b3 Bd6 5. Bb2 O-O 6. Nc3 Re8 7. d4 b6 8. Be2 Bb7 9. O-O Nbd7 10. Rc1 a6 11. Qc2 Qe7 12. Rfd1 Rac8 13. Qb1 dxc4 14. bxc4 c5 15. Ba1 cxd4 16. exd4 Bf4 17. Rc2 e5 18. c5 e4 19. Ne5 e3 20. Bf3 Nxe5 21. Bxb7 Qxb7 22. dxe5 Ng4 23. f3 Bxh2+ 24. Kf1 Rxc5 25. fxg4 Rcxe5 26. Re2 Qc6 27. Rd4 Qf6+ 28. Ke1 Bg3+ 29. Kd1 Rc5 30. Qd3 Qf1+ 31. Kc2 Qxa1 32. Qxe3 Rxc3+ 0-1


[Site "https://www.chess.com"]

[Event "Titled Tuesday Blitz June 22 2021"]
[White "Dubov, Daniil"]
[Black "Kezin, Roman"]
[WhiteFideId "24126055"]
[BlackFideId "24124621"]
[WhiteElo "2722"]
[BlackElo "2574"]
[Result "1-0"]
[Round "04"]
[TimeControl "180+1"]
[Date "2021.06.22"]
[WhiteClock "0:01:14"]
[BlackClock "0:00:01"]

1. d4 Nf6 2. c4 g6 3. Nc3 Bg7 4. Nf3 O-O 5. Bg5 d6 6. e3 h6 7. Bh4 g5 8. Bg3 Nh5 9. Nd2 Nxg3 10. hxg3 c5 11. d5 Bf5 12. e4 Bg6 13. f4 Nd7 14. f5 Bh7 15. g4 b5 16. cxb5 a6 17. bxa6 Qb6 18. Qc2 Rfb8 19. Rb1 Ne5 20. Be2 c4 21. Nxc4 Nxc4 22. Bxc4 Qe3+ 23. Ne2 Rc8 24. Qd3 Qb6 25. b3 Be5 26. Kf1 Bg7 27. a4 Rc7 28. g3 Rac8 29. Kg2 Qb4 30. Rhc1 Be5 31. Rc2 Kg7 32. Rbc1 f6 33. Bb5 Rxc2 34. Rxc2 Rxc2 35. Qxc2 Qa5 36. b4 1-0


[Site "https://www.chess.com"]

[Event "Titled Tuesday Blitz June 22 2021"]
[White "Hansen, Eric"]
[Black "Hammer, Jon Ludvig"]
[WhiteFideId "2606771"]
[BlackFideId "1503707"]
[WhiteElo "2568"]
[BlackElo "2607"]
[Result "1-0"]
[Round "04"]
[TimeControl "180+1"]
[Date "2021.06.22"]
[WhiteClock "0:00:20"]
[BlackClock "0:00:01"]

1. b3 e5 2. Bb2 Nc6 3. e3 d5 4. Bb5 Bd6 5. d4 e4 6. c4 a6 7. Ba4 Bd7 8. Bxc6 bxc6 9. Ba3 Qg5 10. Kf1 Bxa3 11. Nxa3 f5 12. h4 Qe7 13. Qc1 f4 14. exf4 Nh6 15. Nc2 c5 16. dxc5 Ng4 17. Ne2 Qxc5 18. Ncd4 O-O 19. cxd5 Qxd5 20. Qc4 Qxc4 21. bxc4 c5 22. Nb3 Be6 23. Rc1 Rfd8 24. Rh3 Bxc4 25. Ke1 Bb5 26. Rxc5 Rd6 27. Ned4 Rad8 28. Nxb5 axb5 29. Rhc3 Rd1+ 30. Ke2 Rb1 31. Rc8 Rxc8 32. Rxc8+ Kf7 33. Rc2 1-0


[Site "https://www.chess.com"]

[Event "Titled Tuesday Blitz June 22 2021"]
[White "Hess, Robert"]
[Black "Kollars, Dmitrij"]
[WhiteFideId "2022036"]
[BlackFideId "12909572"]
[WhiteElo "2557"]
[BlackElo "2576"]
[Result "0-1"]
[Round "04"]
[TimeControl "180+1"]
[Date "2021.06.22"]
[WhiteClock "0:00:10"]
[BlackClock "0:00:31"]

1. e4 e5 2. Nc3 Nf6 3. Bc4 Nxe4 4. Qh5 Nd6 5. Bb3 Be7 6. Nf3 Nc6 7. Nxe5 Nxe5 8. Qxe5 O-O 9. O-O c6 10. d4 Ne8 11. d5 d6 12. Qg3 c5 13. Re1 Bh4 14. Qf4 h6 15. Ba4 Bg5 16. Qg3 Bxc1 17. Raxc1 Nf6 18. Ne4 Nxe4 19. Rxe4 Bf5 20. Re2 Qf6 21. c4 a6 22. Qf4 g5 23. Qf3 Kg7 24. g4 Bg6 25. Qxf6+ Kxf6 26. Rc3 b5 27. Rf3+ Kg7 28. cxb5 axb5 29. Bxb5 Rxa2 30. b3 Ra1+ 31. Kg2 h5 32. h3 Rh8 33. Bd3 hxg4 34. hxg4 Bxd3 35. Rxd3 Rh4 36. Rg3 Rd1 37. Re4 Rxd5 38. b4 Rh6 39. bxc5 dxc5 40. Rf3 Rf6 41. Rxf6 Kxf6 42. Kf3 Rd3+ 43. Ke2 Rd4 44. Re8 Rxg4 45. Rc8 Re4+ 46. Kf3 Re5 47. Kg4 Kg6 48. Rc6+ f6 49. f3 Rd5 50. Rc8 Rd4+ 51. Kg3 Rc4 52. Rd8 Kf5 53. Re8 Rc1 54. Rc8 c4 55. Rc5+ Ke6 56. Kf2 Kd6 57. Rf5 Ke6 58. Rc5 Rc3 59. Ke2 f5 60. Kf2 Kf6 61. Ke2 f4 62. Rc6+ Kf5 63. Rc5+ Kg6 64. Rc8 Rc2+ 65. Ke1 Rc3 66. Ke2 Re3+ 67. Kf2 c3 68. Rc6+ Kf5 69. Rc8 Ke5 70. Rc4 Kd5 71. Rc8 Kd4 72. Rd8+ Kc4 73. Rc8+ Kb3 74. Rb8+ Ka2 75. Ra8+ Kb1 76. Rb8+ Kc1 77. Rb5 c2 78. Rxg5 Kb2 79. Rb5+ Rb3 0-1


[Site "https://www.chess.com"]

[Event "Titled Tuesday Blitz June 22 2021"]
[White "Izoria, Zviad"]
[Black "Howell, David W L"]
[WhiteFideId "13601733"]
[BlackFideId "410608"]
[WhiteElo "2626"]
[BlackElo "2643"]
[Result "1/2-1/2"]
[Round "04"]
[TimeControl "180+1"]
[Date "2021.06.22"]
[WhiteClock "0:01:48"]
[BlackClock "0:01:59"]

1. Nf3 c5 2. e4 e6 3. c3 d5 4. exd5 Qxd5 5. d4 Nf6 6. Na3 Nc6 7. Nb5 Qd8 8. dxc5 Bxc5 9. Qxd8+ Kxd8 10. Bf4 Ke7 11. b4 Bb6 12. Bd6+ Ke8 13. Bc7 Ke7 14. Bd6+ Ke8 15. Bc7 Ke7 16. Bd6+ 1/2-1/2


[Site "https://www.chess.com"]

[Event "Titled Tuesday Blitz June 22 2021"]
[White "Jia, Haoxiang"]
[Black "Ibrahimli, Murad"]
[WhiteFideId "8602999"]
[BlackFideId "13410229"]
[WhiteElo "2636"]
[BlackElo "2109"]
[Result "0-1"]
[Round "04"]
[TimeControl "180+1"]
[Date "2021.06.22"]
[WhiteClock "0:01:03"]
[BlackClock "0:01:27"]

1. Nf3 Nf6 2. b3 g6 3. Bb2 Bg7 4. d4 O-O 5. e3 a5 6. a4 d6 7. Be2 Nbd7 8. O-O c6 9. c4 Qc7 10. Nc3 Re8 11. d5 Nc5 12. Nd4 e5 13. dxe6 Bxe6 14. Nxe6 Rxe6 15. Rb1 Nfe4 16. Nxe4 Nxe4 17. Bxg7 Kxg7 18. Bf3 Nc5 19. Qd4+ Kg8 20. Rfd1 Ra6 21. h4 h5 22. Qc3 Qe7 23. g3 Qf6 24. Qxf6 Rxf6 25. Kg2 Rb6 26. Rd2 Rxb3 27. Rbd1 Nxa4 28. Rxd6 Rxd6 29. Rxd6 Nc5 30. Rd8+ Kg7 31. Ra8 a4 32. Bd1 Rb4 33. Be2 Rb2 34. Kf3 b5 35. cxb5 cxb5 36. Ra5 Nb3 37. Ra7 Nd2+ 38. Kg2 Ne4 39. Kf3 Nc3 40. Bd3 b4 41. Bc4 Kf6 42. e4 Ke5 43. Ke3 Nd1+ 0-1


[Site "https://www.chess.com"]

[Event "Titled Tuesday Blitz June 22 2021"]
[White "Jones, Gawain C B"]
[Black "Goryachkina, Aleksandra"]
[WhiteFideId "409561"]
[BlackFideId "4147103"]
[WhiteElo "2657"]
[BlackElo "2441"]
[Result "1-0"]
[Round "04"]
[TimeControl "180+1"]
[Date "2021.06.22"]
[WhiteClock "0:00:51"]
[BlackClock "0:00:01"]

1. Nf3 d5 2. b3 Bg4 3. Bb2 Nd7 4. g3 e6 5. Bg2 Ngf6 6. c4 c6 7. O-O Bd6 8. d3 O-O 9. Nbd2 Qe7 10. a3 a5 11. Qc2 e5 12. h3 Be6 13. e4 dxe4 14. dxe4 h6 15. Nh4 Rfd8 16. Nf5 Bxf5 17. exf5 Bc5 18. Rfe1 Qd6 19. Ne4 Nxe4 20. Rxe4 Bd4 21. Rd1 Nf6 22. Ree1 Qc5 23. Bc1 Rd7 24. Rf1 Rad8 25. Kh2 b5 26. Qe2 a4 27. b4 Qxc4 28. Qxc4 bxc4 29. Bxc6 Ra7 30. f4 Rc8 31. fxe5 Bxe5 32. Be3 Re7 33. Bc5 Rec7 34. Bxa4 c3 35. Bc2 Nh5 36. Rf3 Nf6 37. Kg2 Rxc5 38. bxc5 Rxc5 39. Rd8+ Kh7 40. Ra8 Rb5 41. a4 Rb2 42. Rf2 Nd5 43. Kf3 Nb4 44. Be4 c2 45. Rc8 Rb3+ 46. Kg2 Rxg3+ 47. Kf1 1-0


[Site "https://www.chess.com"]

[Event "Titled Tuesday Blitz June 22 2021"]
[White "Kamsky, Gata"]
[Black "Barus, Cerdas"]
[WhiteFideId "2000024"]
[BlackFideId "7100094"]
[WhiteElo "2644"]
[BlackElo "2701"]
[Result "1-0"]
[Round "04"]
[TimeControl "180+1"]
[Date "2021.06.22"]
[WhiteClock "0:00:23"]
[BlackClock "0:00:04"]

1. d4 Nf6 2. Nf3 g6 3. c3 Bg7 4. Bg5 O-O 5. Nbd2 c5 6. e3 d6 7. Be2 Nc6 8. O-O h6 9. Bh4 a6 10. a4 b6 11. Qb3 Bb7 12. Rfd1 Na5 13. Qa3 Ne4 14. Nxe4 Bxe4 15. b4 Nb7 16. bxc5 bxc5 17. a5 g5 18. Bg3 Qc7 19. Nd2 Bg6 20. Nc4 Nd8 21. Nb6 Ra7 22. dxc5 Qxc5 23. Qxc5 dxc5 24. Nc8 Ra8 25. Nxe7+ Kh7 26. Nxg6 Kxg6 27. Rd6+ Kh7 28. Ra3 Ne6 29. Bxa6 Rfb8 30. Bd3+ Kg8 31. Rxe6 c4 32. Bxb8 fxe6 33. Bxc4 Rxb8 34. Bxe6+ Kf8 35. g3 Rb7 36. a6 Ra7 37. Bd5 Ke7 38. Bb7 Be5 39. c4 Bd6 40. Rd3 Ke6 41. Rd5 Ke7 42. Kg2 Bc7 43. e4 Bb6 44. c5 Bc7 45. c6 1-0


[Site "https://www.chess.com"]

[Event "Titled Tuesday Blitz June 22 2021"]
[White "Korobov, Anton"]
[Black "Mikhalevski, Victor"]
[WhiteFideId "14105730"]
[BlackFideId "2801914"]
[WhiteElo "2668"]
[BlackElo "2567"]
[Result "1-0"]
[Round "04"]
[TimeControl "180+1"]
[Date "2021.06.22"]
[WhiteClock "0:00:33"]
[BlackClock "0:00:02"]

1. d4 Nf6 2. c4 g6 3. Nc3 d5 4. Nf3 Bg7 5. cxd5 Nxd5 6. Bd2 c5 7. Nxd5 Qxd5 8. Rc1 O-O 9. Rxc5 Qxa2 10. e3 Be6 11. Ng5 Nd7 12. Ra5 Qb3 13. Qxb3 Bxb3 14. Rb5 Ba4 15. Rxb7 h6 16. Nf3 Rfb8 17. Rxb8+ Rxb8 18. Bc3 Nb6 19. Kd2 Bc6 20. Bd3 Na4 21. Rb1 Bxf3 22. gxf3 e5 23. Ra1 exd4 24. exd4 Nxc3 25. bxc3 Rb2+ 26. Bc2 Rb7 27. Ra6 Kf8 28. Kd3 Ke7 29. c4 Rd7 30. d5 Be5 31. c5 Rxd5+ 32. Kc4 Rd7 33. Ba4 Rc7 34. h3 h5 35. Bc6 h4 36. Bd5 Bh2 37. Ra2 g5 38. Kb5 Be5 39. Re2 f6 40. f4 gxf4 41. f3 Kd7 42. Rg2 Ke7 43. Rg7+ Kd8 44. Rg8+ Ke7 45. Rh8 Kd7 46. Rxh4 Bd4 47. Rh7+ Kd8 48. Rh8+ Ke7 49. c6 Kd6 50. Kc4 Bb6 51. h4 Re7 52. h5 Re5 53. Be4 Rc5+ 54. Kb3 f5 55. Bc2 Rxc6 56. h6 Ke5 57. Re8+ 1-0


[Site "https://www.chess.com"]

[Event "Titled Tuesday Blitz June 22 2021"]
[White "Kovalev, Vladislav"]
[Black "Wagner, Dennis"]
[WhiteFideId "13504398"]
[BlackFideId "24650684"]
[WhiteElo "2573"]
[BlackElo "2355"]
[Result "0-1"]
[Round "04"]
[TimeControl "180+1"]
[Date "2021.06.22"]
[WhiteClock "0:00:01"]
[BlackClock "0:00:21"]

1. e4 e5 2. Nf3 Nc6 3. Bb5 a6 4. Ba4 Nf6 5. O-O b5 6. Bb3 Bc5 7. c3 d6 8. a4 Rb8 9. d4 Bb6 10. Be3 O-O 11. axb5 axb5 12. Na3 Bg4 13. Nxb5 Re8 14. Re1 exd4 15. Nbxd4 Nxd4 16. Bxd4 Bxd4 17. cxd4 Nxe4 18. Ba4 Re7 19. Bc6 d5 20. h3 Bxf3 21. Qxf3 Qd6 22. Rec1 g6 23. Rc2 Rb4 24. Qe3 Kg7 25. Qd3 h5 26. g3 h4 27. g4 Ng5 28. Ra5 Qf4 29. Kf1 Nf3 0-1


[Site "https://www.chess.com"]

[Event "Titled Tuesday Blitz June 22 2021"]
[White "Le, Tuan Minh"]
[Black "Yanchenko, Roman"]
[WhiteFideId "12401153"]
[BlackFideId "4137329"]
[WhiteElo "2450"]
[BlackElo "2514"]
[Result "0-1"]
[Round "04"]
[TimeControl "180+1"]
[Date "2021.06.22"]
[WhiteClock "0:00:01"]
[BlackClock "0:00:30"]

1. d4 d5 2. Nf3 c6 3. Bf4 Bf5 4. e3 e6 5. c4 Nf6 6. Nc3 Nbd7 7. Be2 Qb6 8. Qc1 Be7 9. O-O O-O 10. h3 Ne4 11. Rd1 h6 12. Bd3 Nxc3 13. Qxc3 Bxd3 14. Rxd3 Rfc8 15. Rc1 Qa6 16. a3 dxc4 17. Qxc4 Qxc4 18. Rxc4 c5 19. dxc5 Nxc5 20. Rd1 b5 21. Rc2 Na4 22. Rxc8+ Rxc8 23. Rd7 Bf6 24. b3 Nc5 25. Rxa7 Nxb3 26. Be5 Rc1+ 27. Kh2 Rc2 28. Kg3 Nc5 29. Bxf6 Ne4+ 30. Kf4 Nxf6 31. Rb7 Rxf2 32. Rxb5 g5+ 33. Ke5 Kg7 34. Rb7 g4 35. hxg4 Rxg2 36. Kd6 Nxg4 37. a4 Nxe3 38. Ne5 Nf5+ 39. Kc5 Rc2+ 40. Kb6 Kf6 41. Nd7+ Kg5 42. a5 Nd6 0-1


[Site "https://www.chess.com"]

[Event "Titled Tuesday Blitz June 22 2021"]
[White "Maly, Alexey"]
[Black "Terry, Renato"]
[WhiteFideId "14103184"]
[BlackFideId "3803457"]
[WhiteElo "2285"]
[BlackElo "2581"]
[Result "1-0"]
[Round "04"]
[TimeControl "180+1"]
[Date "2021.06.22"]
[WhiteClock "0:00:58"]
[BlackClock "0:00:05"]

1. d4 e6 2. c4 Bb4+ 3. Nd2 Nf6 4. Nf3 a5 5. g3 b6 6. Bg2 Bb7 7. O-O O-O 8. Qc2 Bxd2 9. Qxd2 d6 10. b3 Nbd7 11. Bb2 Re8 12. Ne1 Bxg2 13. Nxg2 Qb8 14. Nf4 a4 15. Rab1 axb3 16. axb3 Qb7 17. Ra1 b5 18. Qc2 bxc4 19. bxc4 h6 20. Rxa8 Rxa8 21. Ra1 Rb8 22. Bc3 Ne4 23. f3 Nxc3 24. Qxc3 Qb4 25. Rc1 Qxc3 26. Rxc3 g5 27. Nd3 Kf8 28. c5 Ke7 29. cxd6+ cxd6 30. Kf2 Rb7 31. Ra3 Nf6 32. h4 g4 33. Nf4 gxf3 34. Kxf3 d5 35. Nd3 Ne4 36. Nf2 Nd2+ 37. Kf4 Nc4 38. Rc3 Rb2 39. Kf3 Nd2+ 40. Ke3 Nc4+ 41. Kf3 Kf6 42. e4 Nd2+ 43. Ke3 Nf1+ 44. Kf3 Nh2+ 45. Ke3 dxe4 46. Nxe4+ Kg6 47. Kf4 f5 48. Nc5 1-0


[Site "https://www.chess.com"]

[Event "Titled Tuesday Blitz June 22 2021"]
[White "Martinez Alcantara, Jose Eduardo"]
[Black "Milchev, Nikolay"]
[WhiteFideId "3805662"]
[BlackFideId "2906090"]
[WhiteElo "2690"]
[BlackElo "2449"]
[Result "1-0"]
[Round "04"]
[TimeControl "180+1"]
[Date "2021.06.22"]
[WhiteClock "0:00:15"]
[BlackClock "0:00:03"]

1. e4 e5 2. Nf3 Nc6 3. Bb5 Nge7 4. c3 a6 5. Ba4 g6 6. d4 exd4 7. cxd4 b5 8. Bb3 Bg7 9. O-O O-O 10. d5 Na5 11. Bd2 Nxb3 12. Qxb3 c5 13. Bc3 d6 14. Bxg7 Kxg7 15. Qc3+ Kg8 16. b4 Qb6 17. Nbd2 Bg4 18. bxc5 dxc5 19. Ne5 Bc8 20. a4 f6 21. Nef3 Bd7 22. h3 bxa4 23. Rfb1 Bb5 24. Rxa4 Qc7 25. Raa1 f5 26. Ng5 fxe4 27. d6 Qxd6 28. Ndxe4 Qd4 29. Qxd4 cxd4 30. Ne6 Bd3 31. Re1 Rfb8 32. N4c5 Bc4 33. Nc7 Nf5 34. Nxa8 Rxa8 35. Rec1 Bb5 36. Rcb1 Rd8 37. Nxa6 Bxa6 38. Rxa6 d3 39. Ra2 Nd4 40. Rd2 Ne2+ 41. Kf1 Nc3 42. Re1 Kf7 43. Re3 Rb8 44. Rdxd3 Rb1+ 45. Re1 Rxe1+ 46. Kxe1 Ne4 47. Re3 Nc5 48. g3 h5 49. Ke2 Kf6 50. h4 Kf5 51. Rf3+ Ke6 52. Re3+ Kf5 53. Kf3 Nd7 54. Kg2 Ne5 55. Ra3 Nc4 56. Ra6 Nd2 57. f3 Nb3 58. Kf2 Nd4 59. Ra4 Nc6 60. g4+ hxg4 61. fxg4+ Ke5 62. Ke3 Ne7 63. Ra5+ Kf6 64. Ra6+ Ke5 65. Kf3 Kd5 66. Kf4 1-0


[Site "https://www.chess.com"]

[Event "Titled Tuesday Blitz June 22 2021"]
[White "Nakamura, Hikaru"]
[Black "Timofeev, Artyom"]
[WhiteFideId "2016192"]
[BlackFideId "4140419"]
[WhiteElo "2900"]
[BlackElo "2582"]
[Result "1-0"]
[Round "04"]
[TimeControl "180+1"]
[Date "2021.06.22"]
[WhiteClock "0:01:28"]
[BlackClock "0:00:39"]

1. b4 Nf6 2. Bb2 g6 3. c4 Bg7 4. Nf3 O-O 5. e3 b6 6. Be2 Bb7 7. O-O c5 8. Qb3 cxb4 9. Qxb4 Nc6 10. Qa3 d5 11. cxd5 Qxd5 12. Nc3 Qa5 13. Qb3 Qb4 14. Ba3 Qxb3 15. axb3 Rfd8 16. d4 e6 17. Rfc1 Bf8 18. Bxf8 Kxf8 19. Kf1 Ke7 20. Ke1 Rdc8 21. g3 Na5 22. Nd2 Nc6 23. Bf3 Nd8 24. Bxb7 Nxb7 25. Nc4 Nd7 26. Kd2 Nd8 27. Ra6 Nc6 28. Rca1 Rab8 29. Nb5 Ra8 30. Nxa7 Nxa7 31. Rxa7 1-0


[Site "https://www.chess.com"]

[Event "Titled Tuesday Blitz June 22 2021"]
[White "Onyshchuk, Volodymyr"]
[Black "Mamedyarov, Shakhriyar"]
[WhiteFideId "14114038"]
[BlackFideId "13401319"]
[WhiteElo "2603"]
[BlackElo "2716"]
[Result "1-0"]
[Round "04"]
[TimeControl "180+1"]
[Date "2021.06.22"]
[WhiteClock "0:00:19"]
[BlackClock "0:00:13"]

1. e4 e5 2. Nf3 Nc6 3. Bb5 g6 4. O-O Bg7 5. Re1 a6 6. Ba4 Nge7 7. c3 O-O 8. d3 d6 9. Nbd2 h6 10. Nf1 f5 11. Bb3+ Kh7 12. exf5 Nxf5 13. h3 Nh4 14. N1h2 Qf6 15. Re4 Nxf3+ 16. Nxf3 g5 17. Qe2 Bf5 18. Bd5 Ne7 19. Bxb7 Ra7 20. Rb4 c5 21. Rb3 d5 22. c4 Qd6 23. Bxd5 Nxd5 24. cxd5 Qxd5 25. Be3 Rd7 26. Ne1 e4 27. dxe4 Bxe4 28. Rc1 Rc8 29. Qxa6 Rc6 30. Qc4 Qf5 31. Rb5 Bd5 32. Qc2 Be4 33. Qe2 Qe6 34. Rbxc5 Rxc5 35. Bxc5 Qf5 36. b4 h5 37. Qxh5+ Bh6 38. Rd1 Rf7 39. Qg4 Qe5 40. Rd7 Bd5 41. Rxf7+ Bxf7 42. Nf3 Qa1+ 43. Kh2 Qf6 44. Qe4+ Bg6 45. Qe7+ 1-0


[Site "https://www.chess.com"]

[Event "Titled Tuesday Blitz June 22 2021"]
[White "Perez Ponsa, Federico"]
[Black "Ponikarovsky, Alexey"]
[WhiteFideId "117927"]
[BlackFideId "4122887"]
[WhiteElo "2672"]
[BlackElo "1944"]
[Result "1-0"]
[Round "04"]
[TimeControl "180+1"]
[Date "2021.06.22"]
[WhiteClock "0:00:30"]
[BlackClock "0:00:53"]

1. d4 d5 2. c4 e6 3. Nf3 Nf6 4. Nbd2 Be7 5. g3 O-O 6. Bg2 b6 7. O-O Bb7 8. Qc2 dxc4 9. Nxc4 c5 10. dxc5 Bxc5 11. Rd1 Qe7 12. a3 Be4 13. Qc3 a5 14. Bf4 Nc6 15. Bd6 Bxd6 16. Nxd6 Bd5 17. Rxd5 exd5 18. Qxc6 Qxe2 19. Qb5 Qe6 20. Nc4 dxc4 21. Ng5 Qd6 22. Bxa8 Rxa8 23. Qxc4 Qe7 24. Rc1 h6 25. Nf3 Rb8 26. Qc7 Qe8 27. Re1 Qf8 28. Kg2 Nd5 29. Qc6 Nf6 30. h3 b5 31. Re5 b4 32. Rxa5 bxa3 33. bxa3 Rc8 34. Qb7 Rb8 35. Qa7 Ne4 36. Qe3 Nf6 37. Ra7 Ra8 38. a4 Rxa7 39. Qxa7 Qb4 40. a5 Ne4 41. a6 Kh7 42. Qxf7 Nf6 43. Qb7 Qc5 44. a7 1-0


[Site "https://www.chess.com"]

[Event "Titled Tuesday Blitz June 22 2021"]
[White "Pichot, Alan"]
[Black "Bakalchuk, Johnatan"]
[WhiteFideId "110973"]
[BlackFideId "2810301"]
[WhiteElo "2622"]
[BlackElo "2507"]
[Result "1-0"]
[Round "04"]
[TimeControl "180+1"]
[Date "2021.06.22"]
[WhiteClock "0:00:23"]
[BlackClock "0:00:01"]

1. e4 c5 2. Nf3 g6 3. d4 cxd4 4. Nxd4 Bg7 5. c4 Nc6 6. Be3 Qb6 7. Nb3 Qd8 8. Qd2 Nf6 9. f3 O-O 10. Nc3 d6 11. Be2 a5 12. Nd4 Nxd4 13. Bxd4 a4 14. O-O Qa5 15. Rfd1 Be6 16. Rab1 Rfc8 17. Nd5 Bxd5 18. Qxa5 Rxa5 19. cxd5 Nd7 20. Be3 Raa8 21. Rdc1 Rxc1+ 22. Rxc1 Nc5 23. Rc2 f5 24. exf5 gxf5 25. Kf1 Kf7 26. Bxc5 Rc8 27. Bd3 Rxc5 28. Bxf5 h6 29. Rxc5 dxc5 30. b3 axb3 31. axb3 Kf6 32. Bc8 b6 33. f4 Kf7 34. Ke2 Bd4 35. Kf3 Bg1 36. h4 Kg6 37. g4 Bh2 38. Bf5+ Kf6 39. Bd3 Kg7 40. g5 Bg1 41. Kg4 Be3 42. Kf5 Bf2 43. Kg4 Be1 44. Kh5 hxg5 45. fxg5 Kf7 46. Kg4 e6 47. d6 Ba5 48. h5 Kg7 49. h6+ Kf8 50. g6 Bc3 51. g7+ Kf7 52. d7 Bf6 53. Kf4 Kg8 54. Kg4 Be7 55. Kh5 Bf6 56. Kg6 Bxg7 57. d8=Q+ Bf8 58. h7+ 1-0


[Site "https://www.chess.com"]

[Event "Titled Tuesday Blitz June 22 2021"]
[White "Seo, Jung Min"]
[Black "Shevchenko, Kirill"]
[WhiteFideId "1734687"]
[BlackFideId "14129574"]
[WhiteElo "2486"]
[BlackElo "2569"]
[Result "1/2-1/2"]
[Round "04"]
[TimeControl "180+1"]
[Date "2021.06.22"]
[WhiteClock "0:00:51"]
[BlackClock "0:00:04"]

1. Nf3 Nf6 2. d4 d6 3. c4 g6 4. Nc3 Bg7 5. g3 O-O 6. Bg2 Nc6 7. O-O Bf5 8. d5 Na5 9. b3 c5 10. dxc6 bxc6 11. Nd4 Bd7 12. Bb2 Rb8 13. Qd2 c5 14. Nf3 Nc6 15. Rad1 Qa5 16. Ba1 Rfe8 17. Rfe1 a6 18. Ng5 h6 19. Nge4 Nxe4 20. Bxe4 h5 21. h4 Ne5 22. Qc2 Bc6 23. Bxc6 Nxc6 24. Nd5 Nb4 25. Nxb4 Qxb4 26. Bxg7 Kxg7 27. e4 f6 28. f4 a5 29. e5 a4 30. exf6+ exf6 31. Rxe8 Rxe8 32. Kf2 a3 33. Qd2 Qb7 34. Qxd6 Qe4 35. Qd3 Qa8 36. Qd7+ Kh6 37. Qd5 Qc8 38. Re1 Rxe1 39. Kxe1 Qh3 40. Kf2 Kg7 41. Qxc5 Qh2+ 42. Kf3 Qxa2 43. Qe7+ Kg8 44. Qe8+ Kg7 45. Qe7+ Kg8 46. Qd8+ Kg7 47. Qe7+ 1/2-1/2


[Site "https://www.chess.com"]

[Event "Titled Tuesday Blitz June 22 2021"]
[White "Sjugirov, Sanan"]
[Black "Lagarde, Maxime"]
[WhiteFideId "4189302"]
[BlackFideId "662399"]
[WhiteElo "2472"]
[BlackElo "2630"]
[Result "1-0"]
[Round "04"]
[TimeControl "180+1"]
[Date "2021.06.22"]
[WhiteClock "0:00:13"]
[BlackClock "0:00:20"]

1. e4 Nc6 2. Nf3 d6 3. d4 Nf6 4. Nc3 g6 5. h3 Bg7 6. d5 Nb8 7. a4 O-O 8. a5 c6 9. Be2 cxd5 10. exd5 Na6 11. O-O Bd7 12. Be3 Nc5 13. Ra3 a6 14. b4 Nce4 15. Nxe4 Nxe4 16. Bd4 Nf6 17. c4 e5 18. dxe6 Bxe6 19. Ng5 Bd7 20. Bf3 Rc8 21. Bb6 Qe7 22. Bxb7 Rxc4 23. Re1 Be6 24. Nxe6 fxe6 25. Bxa6 Rxb4 26. Qd2 d5 27. Rf3 Ne4 28. Rxf8+ Qxf8 29. Qc2 Rb2 30. Qc8 Qxc8 31. Bxc8 Kf7 32. a6 Rxb6 33. a7 Bd4 34. a8=Q Bxf2+ 35. Kf1 Bc5 36. Rxe4 dxe4 37. Qxe4 Be7 38. Bd7 Rd6 39. Bb5 Rd5 40. Bc4 Rf5+ 41. Ke2 Rf6 42. g4 h6 43. h4 g5 44. Qh7+ Ke8 45. Bb5+ Kd8 46. Qg8+ Kc7 47. Qe8 Bb4 48. Qc6+ 1-0


[Site "https://www.chess.com"]

[Event "Titled Tuesday Blitz June 22 2021"]
[White "Svane, Frederik"]
[Black "Makhnev, Denis"]
[WhiteFideId "12923044"]
[BlackFideId "13707647"]
[WhiteElo "2459"]
[BlackElo "2549"]
[Result "0-1"]
[Round "04"]
[TimeControl "180+1"]
[Date "2021.06.22"]
[WhiteClock "0:00:04"]
[BlackClock "0:00:34"]

1. e4 c6 2. Nf3 d5 3. exd5 cxd5 4. d4 Bg4 5. c3 Bxf3 6. Qxf3 Nc6 7. Bd3 Nf6 8. O-O e6 9. Re1 Be7 10. Bf4 O-O 11. Nd2 Rc8 12. Qh3 g6 13. Nf3 Re8 14. Ng5 Nh5 15. Nxh7 Nxf4 16. Qh6 Nxd3 17. Re3 Bf6 18. Rxd3 Bg7 19. Qf4 e5 20. dxe5 Nxe5 21. Rh3 Rc4 22. Qd2 Rg4 23. Rd1 Nc4 24. Qc2 Qe7 25. Kf1 Re4 26. Qc1 Nxb2 27. Ng5 Nxd1 28. Nxe4 Qxe4 29. Qxd1 Qc4+ 30. Kg1 Bxc3 31. Re3 Rxe3 32. fxe3 d4 33. h3 dxe3 34. Qd8+ Kg7 35. Qh4 Qxh4 0-1


[Site "https://www.chess.com"]